 Dungeon Crawl Stone Soup version 0.19-a0-1337-g9bf5fb0 (webtiles) character file.

1176 Banto the Carver (level 8, -4/50 HPs)
             Began as a High Elf Skald on Sept 1, 2016.
             Slain by an orc warrior
             ... wielding a +0 scimitar of slicing
              (16 damage)
             ... on level 5 of the Dungeon.
             The game lasted 00:11:02 (5912 turns).

Banto the Carver (High Elf Skald)                   Turns: 5912, Time: 00:11:03

Health: -4/50      AC: 13    Str: 12    XL:     8   Next: 18%
Magic:  10/12      EV: 10    Int: 15    God:
Gold:   283        SH:  0    Dex: 19    Spells: 4 memorised, 2 levels left

rFire  + + .     SeeInvis .     a - +0 falchion
rCold  . . .     Gourm    .     u - +1 ring mail of Free Will {rF++}
rNeg   . . .     Faith    .     (no shield)
rPois  .         Spirit   .     w - +2 hat
rElec  .         Dismiss  .     o - +2 cloak
rCorr  .         Reflect  .     x - +1 pair of gloves
MR     .....     Harm     .     (no boots)
Stlth  +++.......               (no amulet)
                                p - ring of stealth
                                v - ring of wizardry

@: no status effects
A: claws 1, thin skeletal structure 1
a: no special abilities


You were on level 5 of the Dungeon.
You were not hungry.

You visited 1 branch of the dungeon, and saw 6 of its levels.
You also visited: Sewer.

You collected 451 gold pieces.
You spent 168 gold pieces at shops.

Inventory:

Hand Weapons
 a - a +0 falchion (weapon)
Armour
 o - a +2 cloak (worn)
 u - the +1 ring mail of Free Will (worn) {rF++}
   (You found it on level 5 of the Dungeon)

   It greatly protects you from fire.
 w - a +2 hat (worn)
 x - a +1 pair of gloves (worn)
Jewellery
 p - a ring of stealth (right hand)
 v - a ring of wizardry (left hand)
Scrolls
 c - 2 scrolls of teleportation
 i - 5 scrolls of remove curse
 l - 2 scrolls of amnesia
 n - 2 scrolls of fog
 s - a scroll of blinking
 t - 3 scrolls of identify
 y - a scroll of fear
 B - a scroll of enchant weapon {unknown}
Potions
 e - a potion of heal wounds
 g - a potion of berserk rage
 h - a potion of might
 m - a potion of brilliance
 q - a potion of magic {unknown}
 r - a potion of resistance
 A - a potion of curing
Books
 b - a book of Frost

   Spells                             Type                      Level
   a - Freeze                         Ice                          1
   b - Throw Frost                    Conjuration/Ice              2
   c - Ozocubu's Armour               Charms/Ice                   3
   d - Throw Icicle                   Conjuration/Ice              4
   e - Summon Ice Beast               Ice/Summoning                4
Comestibles
 d - 5 bread rations
 f - 2 slices of pizza
 j - 3 meat rations
 k - 3 fruits
 z - a beef jerky


   Skills:
 - Level 2.0 Fighting
 + Level 11.6 Long Blades
 - Level 0.8 Armour
 - Level 1.1 Dodging
 - Level 2.4 Spellcasting
 - Level 3.6 Charms


You had 2 spell levels left.
You knew the following spells:

 Your Spells              Type           Power        Failure   Level  Hunger
a - Infusion              Chrm           ##..         4%          1    #......
b - Song of Slaying       Chrm           ##......     7%          2    ###....
c - Regeneration          Chrm/Necr      #.........   45%         3    ###....
d - Ozocubu's Armour      Chrm/Ice       #.......     45%         3    ###....


Dungeon Overview and Level Annotations

Branches:
Dungeon (6/15)
 Temple: D:4-7

Altars:
Ashenzari
Yredelemnul

Shops:
D:4 !   D:5 ?


Innate Abilities, Weirdness & Mutations

You have sharp fingernails.
You have a somewhat thin skeletal structure. (Dex +2, Stealth)


Message History

You kill the orc priest!
You take 16 damage, and have 34/50 hp.
MASSIVE DAMAGE!!
You now have 7/12 mp.
You hit the orc warrior but do no damage.
The orc wizard gestures wildly while chanting.
The orc wizard blinks!
The orc warrior hits you with a scimitar of slicing!
You take 9 damage, and have 25/50 hp.
You are no longer magically infusing your attacks.
There is a stone staircase leading up here.
The orc warrior hits you with a scimitar of slicing!
* * * LOW HITPOINT WARNING * * *
x2 You climb upwards.
There is a stone staircase leading down here.
You take 17 damage, and have 10/50 hp.
MASSIVE DAMAGE!!
You closely miss the orc warrior.
Your song is almost over.
All of the chunks of flesh in your inventory have rotted away.
Your song has ended.
The orc warrior hits you with a scimitar of slicing!
You die...

#............................
#............../.............
#........................)...
#............................
####...###########...########
#...# #.....##..# #...#
#.###.##..### #...#
#o#.........# #...#
#@#.#.......# #...#
#........>..# #####
####..[...[.# #........#
#........# #........# ######
#.######## #....# #.# #.##.#
#.#


You could see an orc warrior.

Vanquished Creatures
  A phantom (D:5)
  An ogre (D:5)
  A crocodile (Sewer)
  A gnoll sergeant (D:6)
  A scorpion (D:4)
  3 killer bees (D:4)
  2 wights (D:6)
  A centaur zombie (D:6)
  A hound (D:5)
  2 orc priests
  Natasha (thrice) (D:4)
  An iguana (D:6)
  4 worker ants
  A hound zombie (D:4)
  11 adders
  4 gnolls (D:6)
  An ooze (D:4)
  2 worms (D:2)
  3 dart slugs
  A giant gecko (D:4)
  29 orcs
  A ball python (D:5)
  14 bats
  10 giant cockroaches
  4 goblins
  6 hobgoblins
  4 jackals (D:2)
  5 quokkas
  3 giant newts
  A jackal skeleton (D:6)
  5 kobolds
  10 rats
137 creatures vanquished.

Notes
Turn   | Place    | Note
-------+----------+-------------------------------------------
     0 | D:1      | Banto the High Elf Skald began the quest for the Orb.
     0 | D:1      | Reached XP level 1. HP: 14/14 MP: 4/4
    94 | D:1      | Reached skill level 3 in Long Blades
   254 | D:1      | Reached XP level 2. HP: 17/19 MP: 6/6
   974 | D:2      | Reached skill level 4 in Long Blades
   992 | D:2      | Reached XP level 3. HP: 19/24 MP: 3/7
  1253 | D:2      | Reached skill level 5 in Long Blades
  1473 | D:2      | Reached XP level 4. HP: 27/29 MP: 8/8
  1855 | D:3      | Found a basalt altar of Yredelemnul.
  1922 | D:3      | Reached skill level 6 in Long Blades
  2116 | D:3      | Found a shattered altar of Ashenzari.
  2219 | D:4      | Noticed Natasha
  2225 | D:4      | Killed Natasha
  2225 | D:4      | Reached XP level 5. HP: 23/34 MP: 3/9
  2477 | D:4      | Gained mutation: You have sharp fingernails. [potion of mutation]
  2477 | D:4      | Gained mutation: You have a somewhat thin skeletal structure. (Dex +2, Stealth) [potion of mutation]
  2552 | D:4      | Found Kiecza's Distillery.
  2561 | D:4      | Bought a potion of degeneration for 12 gold pieces
  2561 | D:4      | Bought a potion of curing for 36 gold pieces
  2561 | D:4      | Bought a potion of agility for 48 gold pieces
  2588 | D:4      | Noticed Natasha
  2600 | D:4      | Killed Natasha
  2759 | D:4      | Reached skill level 7 in Long Blades
  2836 | D:4      | Reached XP level 6. HP: 22/39 MP: 6/10
  2842 | D:4      | Reached skill level 8 in Long Blades
  3264 | D:4      | Noticed Natasha
  3277 | D:4      | Killed Natasha
  3524 | D:4      | Got a transparent flail {crush}
  3525 | D:4      | Identified the +1 flail "Gacrul" {crush, rN+ Int+7} (You took it off an orc on level 4 of the Dungeon)
  3529 | D:4      | Learned a level 2 spell: Song of Slaying
  3533 | D:4      | Learned a level 3 spell: Regeneration
  3539 | D:4      | Reached skill level 9 in Long Blades
  3759 | D:5      | Entered Level 5 of the Dungeon
  3804 | D:5      | Found a glowing drain.
  3816 | D:5      | Got an ancient ring mail
  3831 | D:5      | Reached XP level 7. HP: 43/45 MP: 3/11
  3854 | Sewer    | Entered a sewer
  3898 | Sewer    | Identified the +1 ring mail of Free Will {rF++} (You found it on level 5 of the Dungeon)
  4030 | D:5      | Reached skill level 10 in Long Blades
  4038 | D:5      | Learned a level 3 spell: Ozocubu's Armour
  4642 | D:5      | Found Zonedw Qecs's Magic Scroll Shoppe.
  4647 | D:5      | Bought 2 scrolls of teleportation for 72 gold pieces
  5221 | D:6      | Reached skill level 11 in Long Blades
  5331 | D:6      | Reached XP level 8. HP: 17/50 MP: 4/12
  5912 | D:5      | Slain by an orc warrior

Vault maps used:
D:1:      dpeg_arrival_solitude
D:3:      lemuel_round_altar, ashenzari_altar_1
D:4:      serial_shops, shop, first_bread, kennysheep_doodads, uniq_natasha
D:5:      gup_sewer_entry_glass, serial_shops, shop_fountains
Sewer:    sewer_big_baddie

Skill      XL: |  1  2  3  4  5  6  7 |
---------------+----------------------+-----
Long Blades    | 3 4 5 6 7 9 11 | 11.6
Fighting       | |  2.0
Armour         | |  0.8
Dodging        | |  1.1
Spellcasting   | |  2.4
Charms         | |  3.6

Action                   |  1- 3 |  4- 6 |  7- 9 || total
-------------------------+-------+-------+-------++-------
Melee: Falchion          |   133 |   245 |   207 ||   585
       Flail             |       |     3 |       ||     3
 Cast: Infusion          |     7 |    13 |    10 ||    30
       Song of Slaying   |       |     1 |     4 ||     5
       Regeneration      |       |       |     2 ||     2
Evoke: Wand              |       |       |     1 ||     1
  Use: Scroll            |       |    14 |     3 ||    17
       Potion            |       |     3 |     2 ||     5
 Stab: Sleeping          |     1 |     3 |     3 ||     7
  Eat: Chunk             |     2 |     8 |     8 ||    18
Armor: Leather armour    |    45 |    49 |    16 ||   110
       Skin              |       |    76 |       ||    76
       Ring mail         |       |       |    46 ||    46
Dodge: Dodged            |    67 |    83 |    72 ||   222

Table legend:
 A = Turns spent in this place as a percentage of turns spent in the entire game.
 B = Non-inter-level travel turns spent in this place as a percentage of non-inter-level travel turns spent in the entire game.
 C = Inter-level travel turns spent in this place as a percentage of turns spent in this place.
 D = Turns resting spent in this place as a percentage of non-inter-level travel turns spent in this place.
 E = Turns spent auto-exploring this place as a percentage of non-inter-level travel turns spent in this place.
 F = Non-inter-level travel turns spent in this place divided by the number of levels of this place that you've seen.
                   A       B       C       D       E      F
               +-------+-------+-------+-------+-------+----------------------
         Total | 100.0 | 100.0 |   0.4 |   4.7 |   9.8 | 232.7
       Dungeon |  94.8 |  94.8 |   0.4 |   4.9 |  10.3 | 257.3
         Sewer |   5.2 |   5.2 |   0.0 |   0.0 |   1.2 |  85.0
               +-------+-------+-------+-------+-------+----------------------

Table legend:
 A = Kills in this place as a percentage of kills in entire the game.
 B = Kills by you in this place as a percentage of kills by you in the entire game.
 C = Kills by friends in this place as a percentage of kills by friends in the entire game.
 D = Other kills in this place as a percentage of other kills in the entire game.
 E = Experience gained in this place as a percentage of experience gained in the entire game.
 F = Experience gained in this place divided by the number of levels of this place that you have seen.
                   A       B       C       D       E      F
               +-------+-------+-------+-------+-------+----------------------
         Total | 100.0 | 100.0 |  -nan |  -nan | 100.0 | 240.0
       Dungeon |  95.6 |  95.6 |  -nan |  -nan |  93.2 | 260.8
         Sewer |   4.4 |   4.4 |  -nan |  -nan |   6.8 | 115.0
               +-------+-------+-------+-------+-------+----------------------
